 Dungeon Crawl Stone Soup version 0.30.1-4-g462c640d31 (webtiles) character file.

Game seed: 12964353165796336094

6032 Araneus the Spear-Bearer (level 10, -5/94 HPs)
             Began as a Naga Fighter on Sept 7, 2023.
             Was an Elder of Cheibriados.
             Engulfed by a cloud of freezing vapour (17 damage)
             ... in an ice cave.
             The game lasted 00:25:47 (9038 turns).

Araneus the Spear-Bearer (Naga Fighter)             Turns: 9038, Time: 00:25:47

Health: -5/94      AC: 13    Str: 36    XL:     10   Next: 86%
Magic:  12/12      EV:  5    Int: 17    God:    Cheibriados [****..]
Gold:   387        SH:  6    Dex: 22    Spells: 9/9 levels left

rFire   x . .        a - +1 trident
rCold   + . .        c - +0 buckler
rNeg    . . .        h - +4 plate armour
rPois   +            (no helmet)
rElec   .            (no cloak)
rCorr   .            (no gloves)
SInv    +            (no barding)
Will    +....        (no amulet) Stlth
                     o - +6 ring of strength
HPRegen 0.35/turn    s - ring of ice
MPRegen 0.13/turn

%: no passive effects
@: studying Shields, very slow
A: AC +3, large, see invisible, deformed body, poison resistance, slowness 2,
spit poison 1, naga tail 1
a: Spit Poison, Renounce Religion, Bend Time, Temporal Distortion, Slouch


You were in an ice cave.
You worshipped Cheibriados.
Cheibriados was greatly pleased with you.
You visited 3 branches of the dungeon, and saw 10 of its levels.
You also visited: Ice Cave.

You collected 387 gold pieces.

Inventory:

Hand Weapons
 a - a +1 trident (weapon)
Armour
 c - a +0 buckler (worn)
 h - a +4 plate armour (worn)
Jewellery
 o - a +6 ring of strength (left hand)
 s - a ring of ice (right hand)
Wands
 b - a wand of digging (7)
 E - a wand of roots (17)
Scrolls
 e - 2 scrolls of magic mapping
 j - 2 scrolls of teleportation
 l - 2 scrolls of fear
 m - 4 scrolls of identify
 x - 2 scrolls of blinking
Potions
 g - 2 potions of attraction
 k - 4 potions of flight
 n - 2 potions of brilliance
 w - a potion of mutation
 z - 2 potions of ambrosia
 A - 2 potions of magic
 D - a potion of lignification


   Skills:
 + Level 7.4 Fighting
 - Level 3.0(8.4) Axes
 + Level 12.3(12.4) Polearms
 + Level 3.0 Armour
 + Level 5.9 Shields
 * Level 3.7 Invocations


You had 9 spell levels left.
You didn't know any spells.
Your spell library contained the following spells:

 Spells                   Type           Power      Damage    Failure   Level
 Foxfire                  Conj/Fire      0%         2x1d4     89%         1
 Static Discharge         Conj/Air       0%         2-2/arc   96%         2
 Sublimation of Blood     Necr           0%         N/A       96%         2
 Wereblood                Tmut           0%         N/A       96%         2
 Dazzling Flash           Conj/Hex       0%         N/A       99%         3
 Volatile Blastmotes      Fire/Tloc      0%         2d10      99%         3
 Airstrike                Air            0%         2d(0-16)  100%        4
 Anguish                  Hex/Necr       0%         N/A       100%        4
 Cause Fear               Hex            0%         N/A       100%        4
 Iskenderun's Mystic Bla  Conj/Tloc      0%         2d3       100%        4
 Summon Lightning Spire   Summ/Air       0%         N/A       100%        4
 Fireball                 Conj/Fire      0%         3d3       100%        5
 Plasma Beam              Fire/Air       0%         2x1d11    100%        6
 Starburst                Conj/Fire      0%         6d3       100%        6
 Enfeeble                 Hex            0%         N/A       100%        7
 Summon Hydra             Summ           0%         N/A       100%        7


Dungeon Overview and Level Annotations

Branches:
Dungeon (8/15)             Temple (1/1) D:4            Lair (1/5) D:8
  IceCv (1/1)

Altars:
Ashenzari
Cheibriados
Dithmenos
Elyvilon
Fedhas
Gozag
Hepliaklqana
Kikubaaqudgha
Makhleb
Nemelex Xobeh
Okawaru
Qazlal
Ru
Sif Muna
Trog
Uskayaw
Vehumet
Wu Jian
Xom
Yredelemnul
Zin
The Shining One


Innate Abilities, Weirdness & Mutations

Your serpentine skin is tough. (AC +3)
You have supernaturally acute eyesight. (SInv)
Armour fits poorly on your strangely shaped body.
Your system is resistant to poisons. (rPois)
You cover ground very slowly.
You can spit poison.
You have a snake-like lower body.


Message History

You puncture the two-headed ogre simulacrum!
The two-headed ogre simulacrum is severely damaged.
You hear a shout!
An ufetubus comes into view.
The two-headed ogre simulacrum hits you!
The two-headed ogre simulacrum freezes you.
You resist.
The two-headed ogre simulacrum hits you but does no damage.
You puncture the two-headed ogre simulacrum!
The two-headed ogre simulacrum vaporises!
Cheibriados appreciates the change of pace.
You reach to attack!
You hit the ufetubus.
The ufetubus is severely wounded.
You reach to attack!
You closely miss the ufetubus.
The ufetubus is severely wounded.
A spriggan simulacrum comes into view.
You puncture the ufetubus!
You kill the ufetubus!
Cheibriados thoroughly appreciates the change of pace.
You block the spriggan simulacrum's attack.
You closely miss the spriggan simulacrum.
The spriggan simulacrum hits you. The spriggan simulacrum freezes you!
You resist.
You puncture the spriggan simulacrum!
The spriggan simulacrum is severely damaged.
You completely miss the spriggan simulacrum.
The spriggan simulacrum is severely damaged.
The spriggan simulacrum hits you but does no damage.
You closely miss the spriggan simulacrum.
The spriggan simulacrum is severely damaged.
You puncture the spriggan simulacrum!
The spriggan simulacrum vaporises!
Cheibriados appreciates the change of pace.
You are engulfed in freezing vapours.
You resist.
You are engulfed in freezing vapours.
You resist.
* * * LOW HITPOINT WARNING * * *
You are engulfed in freezing vapours.
You resist.
* * * LOW HITPOINT WARNING * * *
Found an arbalest.
You are engulfed in freezing vapours.
You resist.
You die...

### #### ## ###.##
###..###..##
####....####....@.....#
#....##...°##§§§§......)
..#######.°.§○§§§.....##
### #....##§☼§.......#
#....########§.....##
...### ##..#### ## ###


There were no monsters in sight!

Vanquished Creatures
  A two-headed ogre (D:8)
  Pikel (D:7)
  A hornet (D:7)
  Grinder (D:5)
  A yak (D:8)
  4 steam dragons
  Eustachio (D:5)
  Menkaure (D:5)
  3 wargs (D:8)
  A water moccasin (D:7)
  4 ice beasts
  2 sky beasts
  An orc warrior (D:8)
  4 black bears
  An ogre (D:4)
  4 phantoms
  3 centaurs
  3 lemures (D:7)
  5 bullfrogs
  A kobold brigand (D:6)
  A two-headed ogre simulacrum (IceCv)
  4 scorpions
  3 killer bees (D:7)
  A hound (D:6)
  2 jellies
  Crazy Yiuf (D:5)
  4 sleepcaps
  An orc priest (D:7)
  2 iguanas
  5 orc wizards
  2 spriggan simulacra (IceCv)
  11 adders
  A shadow imp (D:5)
  14 white imps
  3 ufetubi
  A worm (D:2)
  A dart slug (D:1)
  33 orcs
  4 endoplasms
  3 giant cockroaches
  10 goblins
  2 hobgoblins
  13 jackals
  10 kobolds
  8 ball pythons
  6 bats
  4 frilled lizards
  6 rats
199 creatures vanquished.

Notes
Turn   | Place    | Note
-------+----------+-------------------------------------------
     0 | D:1      | Araneus the Naga Fighter began the quest for the Orb.
     0 | D:1      | Reached XP level 1. HP: 21/21 MP: 1/1
    53 | D:1      | Reached skill level 1 in Axes
   167 | D:1      | Reached XP level 2. HP: 23/28 MP: 2/2
   582 | D:2      | Reached XP level 3. HP: 32/34 MP: 3/3
   591 | D:2      | Found a shadowy altar of Dithmenos.
   972 | D:2      | Reached XP level 4. HP: 42/42 MP: 4/4
   983 | D:2      | You fall into a shaft and drop 2 floors!
  1151 | D:3      | Reached skill level 3 in Polearms
  1759 | D:3      | Reached XP level 5. HP: 49/49 MP: 5/5
  1776 | D:3      | Reached skill level 4 in Polearms
  2291 | D:4      | Noticed a centaur
  2309 | D:4      | Killed a centaur
  2310 | D:4      | Reached skill level 5 in Polearms
  2310 | D:4      | Reached XP level 6. HP: 28/56 MP: 6/6
  2686 | D:4      | Found a staircase to the Ecumenical Temple.
  2697 | Temple   | Entered the Ecumenical Temple
  2730 | Temple   | Became a worshipper of Cheibriados the Contemplative
  3182 | D:4      | Reached skill level 6 in Polearms
  3182 | D:4      | Reached XP level 7. HP: 62/62 MP: 7/7
  3384 | D:4      | Found an iron altar of Okawaru.
  3492 | D:5      | Entered Level 5 of the Dungeon
  3589 | D:5      | Found a basalt altar of Yredelemnul.
  3596 | D:5      | Found a hazy altar of Hepliaklqana.
  3642 | D:5      | Reached skill level 7 in Polearms
  3668 | D:5      | Noticed Grinder
  3694 | D:5      | Killed Grinder
  3695 | D:5      | Reached XP level 8. HP: 47/69 MP: 8/8
  3732 | D:5      | Reached skill level 8 in Polearms
  3751 | D:5      | Noticed Eustachio
  3769 | D:5      | Killed Eustachio
  4018 | D:5      | Noticed Menkaure
  4025 | D:5      | Killed Menkaure
  4072 | D:5      | Reached * piety under Cheibriados
  4224 | D:5      | Found a runed translucent door.
  4225 | D:5      | Noticed Crazy Yiuf
  4233 | D:5      | Killed Crazy Yiuf
  4409 | D:6      | Reached skill level 9 in Polearms
  4634 | D:6      | Reached XP level 9. HP: 68/79 MP: 9/9
  4906 | D:6      | Reached skill level 5 in Fighting
  5133 | D:6      | Reached skill level 10 in Polearms
  5462 | D:6      | Reached ** piety under Cheibriados
  5927 | D:7      | HP: 3/82 [killer bee (7)]
  5933 | D:7      | Reached skill level 5 in Shields
  6313 | D:7      | Reached skill level 11 in Polearms
  6647 | D:7      | Noticed a hornet
  6650 | D:7      | Killed a hornet
  6651 | D:7      | Reached XP level 10. HP: 79/92 MP: 10/10
  7011 | D:8      | Noticed Pikel
  7251 | D:7      | Killed Pikel
  7252 | D:7      | Reached skill level 1 in Invocations
  7404 | D:8      | Found a burning altar of Makhleb.
  7491 | D:8      | Reached *** piety under Cheibriados
  7717 | D:8      | Found a sparkling altar of Nemelex Xobeh.
  7945 | D:8      | Noticed a two-headed ogre
  7952 | D:8      | Killed a two-headed ogre
  7956 | D:8      | Reached skill level 12 in Polearms
  8130 | D:8      | Found a shimmering altar of Xom.
  8600 | D:8      | Found a staircase to the Lair.
  8786 | Lair:1   | Entered Level 1 of the Lair of Beasts
  8800 | Lair:1   | Reached **** piety under Cheibriados
  8804 | Lair:1   | Found a frozen archway.
  8991 | IceCv    | Entered an ice cave
  9038 | IceCv    | Engulfed by a cloud of freezing vapour

Illustrated notes

Levels and vault maps discovered:
D:1:      psy_arrival_statuary, layout_loops_ring, grunt_decor_fettered
D:2:      layout_basic, basic_altar
D:3:      layout_loops_ring
D:4:      layout_loops_ring, kennysheep_mini_moat,
          minmay_temple_entry_enclosed_plants, minmay_pentangle
D:5:      layout_rooms, grunt_temple_overflow_open, uniq_eustachio,
          uniq_grinder, uniq_menkaure, uniq_crazy_yiuf_cottage
D:6:      layout_loops_corners, minmay_chambers_of_fives
D:7:      layout_loops_ring
D:8:      layout_rooms, nemelex_diamond_rough_becter, bloody_makhleb,
          erik_lair_orcish_takeover, minmay_ruined_shrine, uniq_pikel
Temple:   minmay_crystal_spiral_temple
Lair:1:   layout_roguey, portal_ice_cave_entry_imps
IceCv:    ice_cave_caverns_01

Skill      XL: |  1  2  3  4  5  6  7  8  9 10 |
---------------+-------------------------------+-----
Axes           | 1 2 3 |  3.0
Polearms       | 3 5 6 7 9 11 12 | 12.3
Shields        | 3 4 5 |  5.9
Fighting       | 4 6 7 |  7.4
Invocations    | 3 |  3.7
Armour         | 3 |  3.0

Action                     |  1- 3 |  4- 6 |  7- 9 | 10-12 || total
---------------------------+-------+-------+-------+-------++-------
  Melee: Trident           |    95 |   212 |   371 |   228 ||   906
Ability: Spit Poison       |       |       |     2 |       ||     2
    Use: Potion            |       |     3 |     6 |     3 ||    12
         Scroll            |       |       |    11 |     9 ||    20
 Armour: Scale mail        |    43 |    80 |       |       ||   123
         Chain mail        |       |     2 |   158 |    45 ||   205
         Plate armour      |       |       |       |    46 ||    46
  Dodge: Dodged            |    28 |    55 |    74 |    45 ||   202
  Block: Buckler           |    15 |    36 |    71 |    57 ||   179
